 Dungeon Crawl Stone Soup version 0.17-a0-1430-g49fde19 (console) character file.

344 Monkaria the Cleaver (level 6, -5/56 HPs)
             Began as a Hill Orc Chaos Knight on June 24, 2015.
             Slain by an orc warrior
             ... wielding a +0 hand axe
              (14 damage)
             ... on level 4 of the Dungeon on June 25, 2015.
             The game lasted 00:09:51 (3668 turns).

Monkaria the Cleaver (Hill Orc Chaos Knight)        Turns: 3668, Time: 00:09:51

Health: -5/56      AC:  6    Str: 19    XL:     6   Next: 58%
Magic:  6/6        EV: 11    Int: 12    God:    Xom [...*..]
Gold:   184        SH:  0    Dex: 10    Spells: 0 memorised, 5 levels left

rFire  . . .     SeeInvis .     a - +0 hand axe (chaos)
rCold  . . .     Clarity  .     b - +2 leather armour
rNeg   . . .     SustAt   .     (no shield)
rPois  .         Gourm    .     (no helmet)
rElec  .         Spirit   .     (no cloak)
rCorr  .         Warding  .     (no gloves)
rMut   .         Stasis   .     h - +0 pair of boots
MR     .....                    s - amulet of regeneration
Stlth  +.........               (no ring)
                                (no ring)

@: not resistant to hostile enchantments, very unstealthy
A: strong 1
a: Renounce Religion


You were on level 4 of the Dungeon.
You worshipped Xom.
You were a favourite toy of Xom.
You were near starving.

You visited 1 branch of the dungeon, and saw 4 of its levels.

You collected 184 gold pieces.

Inventory:

Hand weapons
 a - a +0 hand axe of chaos (weapon)
 p - a cursed +0 blowgun
Missiles
 k - 10 poisoned needles
 l - 2 needles of paralysis
Armour
 b - a +2 leather armour (worn)
 h - a +0 pair of boots (worn)
Jewellery
 e - an uncursed amulet of stasis
 s - an amulet of regeneration (around neck)
Scrolls
 f - 2 scrolls of remove curse
 n - 2 scrolls of blinking {unknown}
 o - 3 scrolls of identify {unknown}
 q - 4 scrolls of recharging {unknown}
 t - a scroll of random uselessness {unknown}
 u - a scroll of enchant weapon {unknown}
Potions
 d - 3 potions of agility
 i - a potion of degeneration {unknown}
 j - 2 potions of heal wounds {unknown}
 r - a potion of brilliance {unknown}
 v - a potion of poison {unknown}
Comestibles
 c - 3 bread rations
 g - 2 fruits
 m - a beef jerky


   Skills:
 - Level 5.1 Fighting
 + Level 8.5 Axes
 - Level 2.1 Armour
 - Level 0.7 Dodging


You had 5 spell levels left.
You didn't know any spells.

Dungeon Overview and Level Annotations

Branches:
Dungeon (4/15)
 Temple: D:4-7

Altars:
Makhleb
Qazlal
Yredelemnul


Innate Abilities, Weirdness & Mutations

Your muscles are strong. (Str +2)


Message History

You hit the orc warrior but do no damage.
The orc warrior seems to speed up.
The orc warrior is moderately wounded.
The orc warrior hits you with a hand axe!
You closely miss the orc priest. You barely miss the orc warrior.
The orc warrior is moderately wounded.
The orc priest calls down the wrath of Beogh upon you.
Pain shoots through your body!
The orc warrior hits you with a hand axe.
The orc warrior hits you with a hand axe!
The orc warrior hits you with a hand axe!
The orc warrior hits you with a hand axe!
* * * LOW HITPOINT WARNING * * *
The orc priest shouts, "Join the one true god or die!"
The orc warrior closely misses you.
You see here a goblin corpse.
The orc warrior hits you but does no damage.
The orc warrior hits you with a hand axe!
You die...
Xom giggles madly!

#.#########.# #.# #.# #.#
#####.##### ########.#
#.........#
###...#########.###.###.#
###...###...##.>.##.###.#
###...###....##......##.##
##.....##..#..##.....#...###
#...#...#..##..#@......#...#
...###....###oo#o..###...#.#
...###....###..#.....##.##.#
...###...####..#o.(#....##.#
#############....#...#####.#
##...##.## ##.# ##.###.#
#..# #..# #.# #.## #.## #.#
#.#


You could see an orc warrior and an orc.

Vanquished Creatures
  A warg (D:3)
  A hound (D:2)
  Natasha (thrice) (D:2)
  An iguana (D:4)
  A gnoll (D:1)
  5 adders
  4 worms (D:2)
  2 giant geckos (D:2)
  3 orcs (D:4)
  9 bats
  9 goblins
  5 hobgoblins
  3 jackals (D:1)
  2 quokkas (D:2)
  A ball python (D:2)
  4 giant cockroaches
  4 giant newts
  15 kobolds
  8 rats
81 creatures vanquished.

Notes
Turn   | Place    | Note
--------------------------------------------------------------
     0 | D:1      | Monkaria the Hill Orc Chaos Knight began the quest for the Orb.
     0 | D:1      | Reached XP level 1. HP: 19/19 MP: 1/1
   131 | D:1      | Reached XP level 2. HP: 18/27 MP: 2/2
   428 | D:1      | XOM: divination: detect creatures
   584 | D:1      | Reached skill level 5 in Fighting
   584 | D:1      | Reached XP level 3. HP: 7/36 MP: 3/3
   860 | D:2      | XOM: harmless Pois miscast
   952 | D:2      | Noticed Natasha
   955 | D:2      | Found a faded altar to an unknown god.
   974 | D:2      | XOM: confuse monster(s)
  1382 | D:2      | XOM: god gift: club {god gift}
  1435 | D:2      | Reached XP level 4. HP: 17/42 MP: 4/4
  1660 | D:2      | Killed Natasha
  1660 | D:2      | Reached skill level 5 in Axes
  1735 | D:2      | XOM: medium Erth miscast
  1938 | D:2      | Noticed Natasha
  2042 | D:2      | XOM: confuse monster(s)
  2051 | D:2      | XOM: harmless Erth miscast
  2145 | D:2      | Reached skill level 6 in Axes
  2156 | D:2      | Reached XP level 5. HP: 48/48 MP: 5/5
  2279 | D:2      | Found a burning altar of Makhleb.
  2376 | D:2      | Found a faded altar to an unknown god.
  2444 | D:2      | Killed Natasha
  2608 | D:2      | Noticed Natasha
  2615 | D:2      | Killed Natasha
  3129 | D:3      | Reached skill level 7 in Axes
  3253 | D:3      | Noticed an ice beast
  3256 | D:3      | Noticed a warg
  3256 | D:3      | an ice beast changed into a warg
  3256 | D:3      | XOM: polymorph ice beast -> warg
  3260 | D:3      | Killed a warg
  3260 | D:3      | Reached skill level 8 in Axes
  3260 | D:3      | Reached XP level 6. HP: 45/56 MP: 6/6
  3328 | D:3      | XOM: give mutation
  3328 | D:3      | Gained mutation: Your muscles are strong. (Str +2) [Xom's grace]
  3537 | D:4      | Found a stormy altar of Qazlal.
  3537 | D:4      | Found a basalt altar of Yredelemnul.
  3668 | D:4      | Slain by an orc warrior

Vault maps used:
D:1:      minmay_arrival_nine_rooms
D:2:      makhleb_blood_cavern_becter, ecumenical_altar_2, uniq_natasha
D:4:      gammafunk_temple_overflow_pools, kennysheep_little_box,
          minmay_temple_entry_mist, first_bread, hangedman_glass_teeth,
          led_xom_imps

Action                   |  1- 3 |  4- 6 || total
-------------------------+-------+-------++-------
Melee: Hand axe          |   105 |   168 ||   273
  Use: Scroll            |     2 |     1 ||     3
       Potion            |     1 |       ||     1
 Stab: Paralysed         |     1 |     3 ||     4
       Confused          |       |     1 ||     1
       Petrified         |       |     1 ||     1
  Eat: Chunk             |     1 |     6 ||     7
